 Dungeon Crawl Stone Soup version 0.31-a0-542-gdc2a67831c (webtiles) character file.

Game seed: 7454934126841578557

1692700 ragingrage the Middleweight Champion (level 27, 224/224 HPs)
             Began as a Merfolk Shapeshifter on Aug 14, 2023.
             Was the Champion of Ru.
             Escaped with the Orb
             ... and 3 runes!
             The game lasted 01:32:46 (68342 turns).

ragingrage the Middleweight Champion (MfSh)        Turns: 68342, Time: 01:32:46

Health: 224/224    AC: 18    Str: 22    XL:     27
Magic:  23/23      EV: 55    Int:  6    God:    Ru [******]
Gold:   6509       SH:  0    Dex: 19    Spells: 18/26 levels left

rFire   + . .        o - melded +9 short sword of Balance {heavy, rC+ Int+3}
rCold   . . .        (shield currently unavailable)
rNeg    . . .        H - melded +0 troll leather armour
rPois   ∞            l - melded +1 helmet of True Grit {Int+2}
rElec   +            v - melded +2 cloak {rPois}
rCorr   .            u - melded +3 Mad Mage's Maulers {Infuse+∞ VampMP -Cast}
SInv    +            e - melded +2 pair of boots "Ganit" {Rampage Will- Str+8 Int-2}
Will    +++..        D - amulet "Juemea Fiup" {Rampage rC+ Regen+}
Stlth   ++           w - ring "Septomo" {rPois rF+ Will+}
HPRegen 1.37/turn    b - ring of protection from fire
MPRegen 0.18/turn

%: rampage
@: storm-form, flying, studying 2 skills
A: cleaving, insubstantial, flying, frail 1, weak 1, inability to use devices,
disrupted magic 1, temperature sensitive, (nimble swimmer 2), (mertail), see
invisible, dopey 1, devolution 1
0: Orb of Zot
}: 3/15 runes: serpentine, barnacled, silver
a: Blinkbolt, Begin Untransformation, Renounce Religion, Draw Out Power, Power
Leap, Apocalypse


You escaped.
You worshipped Ru.
Ru was exalted by your worship.
You were a lightning-filled tempest!
You visited 9 branches of the dungeon, and saw 47 of its levels.
You visited 2 bazaars.
You also visited: Trove, Gauntlet, Volcano and Wizlab.

You collected 11628 gold pieces.
You spent 5119 gold pieces at shops.

Inventory:

Hand Weapons
 o - the +9 short sword of Balance (melded) {heavy, rC+ Int+3}
   (You found it on level 3 of the Dungeon)

   Int+3:     It affects your intelligence (+3).
   rC+:       It protects you from cold.
Missiles
 N - 4 throwing nets
Armour
 e - the +2 pair of boots "Ganit" (melded) {Rampage Will- Str+8 Int-2}
   (You found it in a Gauntlet)

   Str+8:     It affects your strength (+8).
   Int-2:     It affects your intelligence (-2).
   Will-:     It decreases your willpower.
   Rampage:   It bestows one free step when moving towards enemies.
 l - the +1 helmet of True Grit (melded) {Int+2}
   (You took it off Robin on level 2 of the Dungeon)

   Int+2:     It affects your intelligence (+2).
 u - the +3 Mad Mage's Maulers (melded) {Infuse+∞ VampMP -Cast}
   (You found it on level 4 of the Dungeon)

   Infuse+∞: It empowers its wearer's blows with all of their magic.
   VampMP:    Blows struck in melee replenish the wearer's magic.
   -Cast:     It prevents spellcasting.
 v - a +2 cloak of poison resistance (melded)
 B - the +0 pair of boots "Fihiw" {rN+ rCorr}
   (You found it on level 5 of the Vaults)

   rN+:       It protects you from negative energy.
   rCorr:     It protects you from acid and corrosion.
 F - the +0 helmet of Hauxkougg {rF- Dex+5}
   (You found it in a treasure trove)

   Dex+5:     It affects your dexterity (+5).
   rF-:       It makes you vulnerable to fire.
 H - a +0 troll leather armour (melded)
 P - a +2 kite shield of protection
 T - a +0 helmet of intelligence
 V - the +1 robe "Dualot" {rCorr Str+3 Dex+2 Slay+2}
   (You found it in a treasure trove)

   Str+3:     It affects your strength (+3).
   Dex+2:     It affects your dexterity (+2).
   Slay+2:    It affects your accuracy & damage with ranged weapons and melee
   (+2).
   rCorr:     It protects you from acid and corrosion.
 W - the +0 pair of gloves of the Gloaming {Dex+3}
   (You found it in a treasure trove)

   Dex+3:     It affects your dexterity (+3).
 Z - the +1 pair of boots of Daffodils {Regen+}
   (You found it in a treasure trove)

   Regen+:    It increases your rate of health regeneration.
Jewellery
 b - a ring of protection from fire (right fist)
 c - a ring of see invisible
 w - the ring "Septomo" (left fist) {rPois rF+ Will+}
   (You found it on level 3 of the Elven Halls)

   [ring of protection from fire]

   rF+:       It protects you from fire.
   rPois:     It protects you from poison Will+: It increases your willpower.
 y - the ring of Cheibriados's Regard {Wiz rC+ Str+6 Dex+3}
   (You bought it in a shop in a bazaar)

   [ring of wizardry]

   Wiz:       It improves your spell success rate.
   Str+6:     It affects your strength (+6).
   Dex+3:     It affects your dexterity (+3).
   rC+:       It protects you from cold.
 D - the amulet "Juemea Fiup" (around neck) {Rampage rC+ Regen+}
   (You found it on level 11 of the Dungeon)

   [amulet of regeneration]

   rC+:       It protects you from cold.
   Regen+:    It increases your rate of health regeneration.
   Rampage:   It bestows one free step when moving towards enemies.
 G - a ring of resist corrosion
 M - the ring of the Empire {rN+ EV+5 Stlth+}
   (You took it off a vampire on level 11 of the Dungeon)

   [ring of evasion]

   EV+5:      It affects your evasion (+5).
   rN+:       It protects you from negative energy.
   Stlth+:    It makes you more stealthy.
 S - the amulet of Ujarphoa {Reflect *Corrode rPois Will+ Str+3 SH+5}
   (You found it on level 11 of the Dungeon)

   [amulet of reflection]

   Reflect:   It reflects blocked missile attacks.
   Str+3:     It affects your strength (+3).
   rPois:     It protects you from poison Will+: It increases your willpower.
   *Corrode:  It may corrode you when you take damage.
   SH+5:      It affects your SH (+5).
 Y - the ring of Miffib {+Blink rElec AC+4}
   (You found it on level 2 of the Lair of Beasts)

   [ring of protection]

   AC+4:      It affects your AC (+4).
   rElec:     It insulates you from electricity.
   +Blink:    It lets you blink.
Talismans
 L - a storm talisman (active)
 Q - a dragon-blood talisman
Scrolls
 a - 5 scrolls of fear
 d - 3 scrolls of butterflies
 f - 22 scrolls of teleportation
 j - 6 scrolls of enchant armour
 n - 4 scrolls of poison
 r - 11 scrolls of immolation
 t - 11 scrolls of vulnerability
 x - 4 scrolls of blinking
 z - 3 scrolls of revelation
 A - 7 scrolls of fog
 U - a scroll of torment
Potions
 g - 5 potions of cancellation
 h - 3 potions of magic
 i - 29 potions of curing
 k - 3 potions of lignification
 m - 10 potions of mutation
 p - 5 potions of might
 q - 4 potions of ambrosia
 s - 6 potions of attraction
 C - 5 potions of resistance
 E - 5 potions of invisibility
 I - 5 potions of haste
 J - 2 potions of enlightenment
 O - 5 potions of brilliance
 R - 2 potions of berserk rage
 X - 8 potions of heal wounds


   Skills:
 O Level 27 Fighting
 - Level 10.0 Short Blades
 - Level 6.0 Throwing
 - Level 23.0 Dodging
 - Level 11.0 Stealth
 O Level 27 Unarmed Combat
 + Level 14.8 Necromancy
 - Level 7.0 Transmutations
 O Level 27 Shapeshifting


You had 18 spell levels left.
You knew the following spells:

 Your Spells              Type           Power      Damage    Failure   Level
a - Wereblood             Tmut           8%         N/A       7%          2
b - Death Channel         Necr           8%         N/A       24%         6

Your spell library contained the following spells:

 Spells                   Type           Power      Damage    Failure   Level
 Necrotise                Necr           68%        1d7       1%          1
 Animate Dead             Necr           17%        N/A       2%          4
 Sting                    Tmut/Pois      16%        1d3       17%         1
 Passwall                 Tmut/Erth      3%         N/A       26%         2
 Anguish                  Hex/Necr       4%         N/A       32%         4
 Apportation              Tloc           0%         N/A       54%         1
 Magic Dart               Conj           0%         1d3       54%         1
 Ignite Poison            Fire/Tmut/Pois 2%         N/A       61%         3
 Borgnjor's Vile Clutch   Necr/Erth      4%         N/A       63%         5
 Blink                    Tloc           0%         N/A       67%         2
 Call Imp                 Summ           0%         N/A       67%         2
 Ensorcelled Hibernation  Hex/Ice        0%         N/A       67%         2
 Lesser Beckoning         Tloc           0%         N/A       67%         2
 Momentum Strike          Conj/Tloc      0%         3d8       67%         2
 Poisonous Vapours        Pois/Air       0%         N/A       67%         2
 Searing Ray              Conj           0%         2d4       67%         2
 Static Discharge         Conj/Air       0%         2-2/arc   67%         2
 Gell's Gravitas          Tloc           0%         N/A       88%         3
 Hailstorm                Conj/Ice       0%         3d3       88%         3
 Inner Flame              Hex/Fire       0%         N/A       88%         3
 Mephitic Cloud           Conj/Pois/Air  0%         N/A       88%         3
 Portal Projectile        Hex/Tloc       0%         N/A       88%         3
 Swiftness                Air            0%         N/A       88%         3
 Teleport Other           Tloc           0%         N/A       88%         3
 Tukima's Dance           Hex            0%         N/A       88%         3
 Volatile Blastmotes      Fire/Tloc      0%         2d10      88%         3
 Airstrike                Air            0%         2d(0-16)  99%         4
 Animate Armour           Summ/Erth      0%         N/A       99%         4
 Flame Wave               Conj/Fire      0%         2d4       99%         4
 Fulminant Prism          Conj/Hex       0%         3d5       99%         4
 Iskenderun's Mystic Bla  Conj/Tloc      0%         2d3       99%         4
 Leda's Liquefaction      Hex/Erth       0%         N/A       99%         4
 Manifold Assault         Tloc           0%         N/A       99%         4
 Olgreb's Toxic Radiance  Pois           0%         N/A       99%         4
 Passage of Golubria      Tloc           0%         N/A       99%         4
 Sticky Flame             Conj/Fire      0%         2d3       99%         4
 Summon Ice Beast         Ice/Summ       0%         N/A       99%         4
 Summon Lightning Spire   Summ/Air       0%         N/A       99%         4
 Simulacrum               Ice/Necr       4%         N/A       99%         6
 Fireball                 Conj/Fire      0%         3d3       100%        5
 Iskenderun's Battlesphe  Conj           0%         2d6       100%        5
 Lee's Rapid Deconstruct  Erth           0%         3d4*      100%        5
 Silence                  Hex/Air        0%         N/A       100%        5
 Summon Forest            Summ/Tloc      0%         N/A       100%        5
 Summon Mana Viper        Hex/Summ       0%         N/A       100%        5
 Conjure Ball Lightning   Conj/Air       0%         3x3d6     100%        6
 Dispersal                Tloc           0%         N/A       100%        6
 Eringya's Noxious Bog    Tmut/Pois      2%         4d6       100%        6
 Leda's Unmaking          Conj/Erth      0%         9d1       100%        6
 Summon Cactus Giant      Summ           0%         N/A       100%        6
 Haunt                    Necr/Summ      4%         N/A       100%        7
 Malign Gateway           Summ/Tloc      0%         N/A       100%        7
 Monstrous Menagerie      Summ           0%         N/A       100%        7
 Orb of Destruction       Conj           0%         9d5       100%        7
 Spellforged Servitor     Conj/Summ      0%         N/A       100%        7
 Borgnjor's Revivificati  Necr           8%         N/A       100%        8
 Ignition                 Fire           0%         3d3       100%        8
 Lehudib's Crystal Spear  Conj/Erth      0%         10d2      100%        8
 Summon Horrible Things   Summ           0%         N/A       100%        8
 Death's Door             Necr           8%         N/A       100%        9
 Dragon's Call            Summ           0%         N/A       100%        9


Dungeon Overview and Level Annotations

Branches:
Dungeon (15/15)            Temple (0/1) D:7            Lair (5/5) D:8
 Shoals (4/4) Lair:3        Snake (4/4) Lair:2        Slime (0/5) Lair:5
    Orc (2/2) D:10            Elf (3/3) Orc:2        Vaults (5/5) D:13
  Crypt (0/3) Vaults:3     Depths (4/4) D:15            Zot (5/5) Depths:4
Volcano (visited)          WizLab (visited)         Gauntlet (visited)

Altars:
Ashenzari
Makhleb
Ru
Trog
Uskayaw
Vehumet
Wu Jian
The Shining One
Jiyva

Shops:
D:2 !?   D:11 *   D:12 (   D:13 *   Orc:2 :[(:   Elf:1 !:[   Elf:3 *
Shoals:2 [   Shoals:4 [   Snake:1 [([   Snake:2 *   Snake:4 ::   Vaults:1 *
Vaults:2 *   Vaults:3 [   Depths:4 !

Portals:
Hell: Depths:1 Depths:2 Depths:3 Depths:4
Abyss: Depths:3
Pandemonium: Depths:2 Depths:3
Ziggurat: Depths:4

Annotations:
Snake:4 2 runed translucent doors, bmack86's ghost, adept MiFi
Elf:2 3 runed translucent doors


Innate Abilities, Weirdness & Mutations

You are a lightning-filled tempest!
Your electrical attacks strike out in all directions at once.
You are incredibly evasive.
Your insubstantial body is immune to petrification, constriction, and being set on fire You are flying.
Your armour is entirely melded.
You are incapable of wielding weapons or throwing items.
You are immune to poison.
You are frail. (-10% HP)
You are weak. (Str -2)
You cannot study or use magical devices.
Your casting is slightly disrupted.
You are sensitive to extremes of temperature. (rF-, rC-)
((You are very nimble when in or above water. (Stealth+, EV+, Speed+++)))
((Your lower body shifts to a powerful aquatic tail in water.))
You have supernaturally acute eyesight. (SInv)
You are dopey. (Int -2)
You have hidden genetic defects.


Message History

The shadow demon gestures.
You buffet Pimebb!
Lightning courses through Pimebb!! You punch Pimebb, but do no damage.
You blast the frilled lizard!!!
You kill the frilled lizard!
You batter the ball python!!
Lightning courses through the ball python!
You kill the ball python!
You batter the shadow demon!!
You kill the shadow demon!
You blast the red devil!!!
You kill the red devil!
You buffet Pimebb!
You punch Pimebb. Pimebb gestures at you. The bolt of acid misses you.
You barely miss Pimebb. You batter Pimebb!! Lightning courses through Pimebb!!
You punch Pimebb, but do no damage.
You redirect Pimebb's attack!
Pimebb completely misses you.
You blast Pimebb!!!
You blast Pimebb!!!!
You kill Pimebb!
The barbs in your skin will harm you if you move.
Continue?
Okay, then.
Unknown command.
You carefully extract the barbed spikes from your body.
(D) Dungeon (T) Temple (L) Lair (A) Shoals (P) Snake Pit (M) Slime Pits (O) Orcish Mines (E) Elven Halls (V) Vaults (C) Crypt (U) Depths (H) Hell (Z) Zot
Where to? (Tab/Enter - D:1 @ (x,y), ? - help)
What level of the Dungeon? (default 1, ? - help)
You feel energetic enough to blinkbolt again.
There is a stone staircase leading up here.
You fly upwards.
There is a stone staircase leading down here.
There is an open door here.
There is a staircase leading out of the dungeon here.
No target in view!
You have escaped!

#.########## ##..###.#.##.. #.#
####...#.#..... #.#
#........#.###. ###.####
#.#####..#.###. #......## ######
###..#.##.. #.#..##.### #.#
###.#........
###.#..###..####'####..##..#.#..#
..#.#..# ###..'...'..####..#.....
#.#.#..# ####.v.#### #..###.##
#.#.#### ###..'...'..####..# #.#
#.#.# ##..####'####..##..# #.#
#.#.# ##.### #.# ###.#..###.#
#.#.####.### ### ###..##..#
#†#........# #.>†..##
#'########.# ####### ........##†#
.........†.#


There were no monsters in sight!

Vanquished Creatures
  4 dread liches (Zot:5)
  8 ancient liches
  2 juggernauts (Depths:3)
  4 orbs of fire
  Vashnia (Snake:2)
  6 Killer Klowns
  5 curse toes
  Nikola (Snake:2)
  A caustic shrike (Depths:3)
  Norris (Depths:2)
  8 golden dragons
  A bone dragon (Depths:4)
  8 pandemonium lords
  2 Brimstone Fiends
  3 Tzitzimimeh
  3 doom hounds (Depths:2)
  A Hell Sentinel (Depths:4)
  2 liches
  An Ice Fiend (Vaults:1)
  4 electric golems
  2 walking earthen tomes (Depths:3)
  Grunn (Depths:2)
  10 quicksilver dragons
  18 tentacled monstrosities
  Asterion (Snake:4)
  28 Orb Guardians
  4 deep elf blademasters (Elf:3)
  A deep elf master archer (Elf:3)
  5 titans
  3 sphinxes (Vaults:5)
  An Executioner (Depths:4)
  An ancient champion (WizLab)
  A kraken (Shoals:1)
  9 death cobs
  Polyphemus (Shoals:3)
  17 storm dragons
  8 tengu reavers
  11 shadow dragons
  5 draconian monks
  Kirke (D:15)
  2 demonspawn warmongers
  5 nagarajas
  6 deep elf sorcerers (Elf:3)
  7 draconian knights
  Ilsuiw (Shoals:2)
  13 fire giants
  6 draconian scorchers
  2 deep elf elementalists (Elf:3)
  4 ghost moths
  6 iron dragons
  Louise (Snake:4)
  13 frost giants
  An angel (D:10)
  2 balrugs
  A cacodemon (D:10)
  4 draconian shifters
  22 vault wardens
  7 draconian stormcallers
  5 spriggan defenders
  3 reapers
  3 draconian annihilators
  18 very ugly things
  23 ironbound preservers
  2 formless jellyfish
  15 stone giants
  A war gargoyle (Vaults:5)
  2 demonspawn blood saints
  3 demonspawn corrupters
  12 ironbound thunderhulks
  2 orc warlords
  8 green draconians
  9 black draconians
  9 white draconians
  6 deep elf demonologists
  9 red draconians
  2 lorocyprocas
  7 yellow draconians
  A demonspawn black sun (D:8)
  A spark wasp (Depths:3)
  7 deep elf annihilators
  A minotaur (Gauntlet)
  8 purple draconians
  Azrael (Snake:2)
  23 dire elephants
  A blizzard demon (D:8)
  6 merfolk javelineers
  A green death (Depths:4)
  5 fire dragons
  3 deep elf death magi
  6 ettins
  10 merfolk impalers
  7 deep elf high priests
  2 great orbs of eyes (shapeshifter) (Vaults:5)
  An entropy weaver (shapeshifter) (Vaults:5)
  7 great orbs of eyes
  5 hydras
  10 ice dragons
  20 yaktaur captains
  An entropy weaver (Vaults:3)
  4 rakshasas
  A peacekeeper (Vaults:2)
  37 vault guards
  6 salamander tyrants
  Erica (D:9)
  2 spriggan air magi (Depths:3)
  4 anacondas
  10 ironbound frosthearts
  10 merfolk aquamancers
  2 merfolk avatars
  A two-headed ogre (shapeshifter) (Depths:3)
  4 boulder beetles
  5 catoblepae
  11 centaur warriors
  5 ogre magi
  7 two-headed ogres
  8 dancing weapons
  2 death knights
  3 alligator snapping turtles
  8 naga warriors
  17 naga sharpshooters
  3 hell hogs (D:12)
  5 deep troll earth magi
  4 vampire magi
  5 deep elf knights
  5 deep troll shamans
  4 spriggan berserkers
  12 hell knights
  4 tengu warriors
  Nergalle (Orc:1)
  15 death yaks
  An orc high priest (Elf:3)
  3 shock serpents
  4 spriggans
  8 sun demons
  7 soul eaters
  10 skysharks
  A shadow wraith (Vaults:5)
  7 iron trolls
  6 salamander mystics
  A sixfirhy (D:10)
  14 skeletal warriors
  10 sea snakes
  6 shadow demons
  12 wizards
  20 ironbound convokers
  10 lindwurms
  61 deep trolls
  2 flayed ghosts (Depths:3)
  6 naga ritualists
  Pikel (D:9)
  9 glowing orange brains
  10 deep elf archers
  7 orc knights
  22 deep elf zephyrmancers
  A tengu zombie (Vaults:2)
  6 necromancers
  22 deep elf pyromancers
  6 phantasmal warriors
  A lindwurm (shapeshifter) (Vaults:5)
  37 harpies
  13 mana vipers
  A sphinx simulacrum (Vaults:3)
  3 orc sorcerers
  7 fauns
  A stone giant zombie (Vaults:2)
  38 ugly things
  A faun (shapeshifter) (Vaults:5)
  A salamander (shapeshifter) (D:11)
  6 cyclopes
  20 manticores
  23 moths of wrath
  6 merfolk sirens
  2 stone giant skeletons (Vaults:3)
  A moth of wrath (shapeshifter) (Depths:3)
  2 guardian serpents
  18 salamanders
  34 black mambas
  24 vault sentinels
  12 naga magi
  25 elephants
  A toenail golem (Vaults:2)
  5 torpor snails
  6 rust devils
  4 gargoyles
  A molten gargoyle (Volcano)
  15 cane toads
  6 water nymphs
  3 smoke demons (Depths:1)
  3 orange demons
  29 yaktaurs
  2 frost giant skeletons (Vaults:3)
  3 unseen horrors
  A hellion (D:4)
  A kobold demonologist (D:14)
  8 rime drakes
  7 komodo dragons
  An efreet (Vaults:2)
  6 freezing wraiths
  2 tormentors
  3 ice devils
  3 human skeletons (Vaults:3)
  8 polar bears
  2 red devils (D:2)
  9 tengu conjurers
  A yaktaur skeleton (Vaults:3)
  8 trolls
  41 merfolk
  A queen bee (shapeshifter) (Vaults:5)
  8 hornets
  An ettin zombie (Vaults:2)
  A wolf spider simulacrum (D:14)
  Grinder (D:4)
  6 wind drakes
  13 blink frogs
  8 snapping turtles
  12 dream sheep
  A raiju (Gauntlet)
  A snapping turtle (shapeshifter) (Vaults:5)
  26 slime creatures
  An ettin skeleton (Vaults:3)
  3 shadows
  An elf skeleton (Vaults:3)
  2 centaur simulacra
  3 ynoxinuls
  24 water elementals
  A deep troll skeleton (Vaults:3)
  9 wyverns
  An air elemental (Elf:1)
  A fire bat (Volcano)
  6 vampires
  7 wraiths
  2 neqoxecs
  28 yaks
  A hog (D:15)
  7 fire elementals
  5 basilisks
  3 chaos spawn
  16 vampire mosquitoes
  3 steam dragons
  2 two-headed ogre zombies (WizLab)
  4 wargs
  5 swamp worms (Lair:2)
  44 nagas
  11 water moccasins
  3 acid dragons (D:12)
  5 hell hounds (Snake:2)
  A large abomination (Vaults:2)
  33 orc warriors
  An ogre skeleton (Vaults:2)
  A black bear (Lair:2)
  An ice dragon simulacrum (Gauntlet)
  3 sky beasts
  An ice beast (D:7)
  7 ogres
  22 wolves
  4 boggarts
  3 centaurs
  4 lemures (D:9)
  3 phantoms
  A small abomination (D:13)
  3 kobold brigands
  7 bullfrogs
  Blork the orc (D:4)
  An earth elemental (Elf:3)
  A human simulacrum (Vaults:3)
  2 scorpions
  5 elf zombies
  A gnoll sergeant (D:13)
  12 wights
  6 troll zombies (WizLab)
  6 howler monkeys
  8 electric eels
  A crimson imp (D:8)
  2 lava snakes (Volcano)
  3 hounds
  17 orc priests
  4 jellies
  A gnoll bouda (Orc:2)
  A sleepcap (D:3)
  2 iguanas (D:5)
  33 orc wizards
  3 ogre zombies (WizLab)
  A boggart simulacrum (Gauntlet)
  Robin (D:2)
  5 adders
  11 gnolls
  A shadow imp (D:6)
  3 white imps
  2 ufetubi (D:6)
  3 dart slugs
  99 orcs
  12 endoplasms
  5 giant cockroaches
  10 hobgoblins
  6 jackals
  A quokka (D:2)
  6 ball pythons
  10 bats
  3 frilled lizards (D:1)
  13 goblins
  8 kobolds
  8 rats
2187 creatures vanquished.

Vanquished Creatures (others)
  An ancient lich (Vaults:5)
  A golden dragon (Zot:2)
  An electric golem (Zot:5)
  A draconian monk (Zot:1)
  2 draconian knights
  A fire giant (Depths:2)
  A draconian annihilator (Zot:1)
  An ironbound preserver (Vaults:3)
  A stone giant (Depths:2)
  A black draconian (Zot:5)
  A purple draconian (Zot:5)
  A yellow draconian (Depths:4)
  An ettin (Vaults:4)
  A deep elf high priest (Elf:3)
  A vault guard (Vaults:5)
  A merfolk avatar (Shoals:4)
  A centaur warrior (D:12)
  A merfolk aquamancer (Shoals:2)
  A salamander mystic (Snake:4)
  2 harpies (Shoals:2)
  2 ugly things
  An orc knight (Vaults:5)
  A deep elf zephyrmancer (Elf:1)
  A cyclops (D:12)
  An elephant (Gauntlet)
  A black mamba (Snake:4)
  A torpor snail (Gauntlet)
  A cane toad (Lair:3)
  A troll (Orc:2)
  A snapping turtle (Shoals:3)
  A yak (Lair:1)
  A wolf (Lair:3)
  A bullfrog (Lair:4)
  An orc priest (Orc:2)
  An orc wizard (Orc:2)
  4 orcs
  2 kobolds
44 creatures vanquished.

Grand Total: 2231 creatures vanquished

Notes
Turn   | Place    | Note
-------+----------+-------------------------------------------
     0 | D:1      | ragingrage the Merfolk Shapeshifter began the quest for the
                  | Orb.
     0 | D:1      | Reached XP level 1. HP: 15/15 MP: 1/1
   161 | D:1      | Reached XP level 2. HP: 15/21 MP: 2/2
   422 | D:1      | Reached XP level 3. HP: 26/26 MP: 3/3
  1107 | D:2      | Reached XP level 4. HP: 28/32 MP: 4/4
  1187 | D:2      | Identified the +1 helmet of True Grit {Int+2}
  1187 | D:2      | Noticed Robin
  1208 | D:2      | Reached skill level 5 in Shapeshifting
  1257 | D:2      | Killed Robin
  1465 | D:2      | Found Lybrafu's Distillery.
  1478 | D:2      | Bought a potion of curing for 33 gold pieces
  1620 | D:2      | Found Cuzuclesh's Magic Scroll Shoppe.
  1623 | D:2      | Bought a scroll of identify for 28 gold pieces
  1796 | D:3      | Reached XP level 5. HP: 37/37 MP: 5/5
  1801 | D:3      | Identified the +9 short sword of Balance {heavy, rC+ Int+3}
  1907 | D:3      | Reached skill level 5 in Unarmed Combat
  1931 | D:3      | Found a broken altar of Ashenzari.
  2890 | D:4      | Reached skill level 1 in Short Blades
  2960 | D:4      | Found the +3 Mad Mage's Maulers {Infuse+∞ VampMP -Cast}
  3005 | D:4      | Noticed Blork the orc
  3008 | D:4      | Noticed Grinder
  3011 | D:4      | Killed Blork the orc
  3012 | D:4      | Reached XP level 6. HP: 37/43 MP: 1/6
  3013 | D:4      | Paralysed by Grinder for 3 turns
  3020 | D:4      | Killed Grinder
  3021 | D:4      | Reached skill level 5 in Short Blades
  3021 | D:4      | Reached XP level 7. HP: 15/48 MP: 2/7
  3638 | D:5      | Entered Level 5 of the Dungeon
  3639 | D:5      | Found a sacrificial altar of Ru.
  3726 | D:5      | Became a worshipper of Ru the Awakened
  3870 | D:5      | Identified the +0 sling "Xeshraum" {flame, Int+5 SInv}
  4097 | D:6      | Reached XP level 8. HP: 49/54 MP: 1/8
  4637 | D:6      | Reached skill level 10 in Short Blades
  4886 | D:6      | Reached skill level 1 in Stealth
  5390 | D:7      | Noticed a wraith
  5392 | D:7      | Killed a wraith
  5500 | D:7      | Gained mutation: You cannot study or use magical devices.
                  | [Ru sacrifice]
  5500 | D:7      | Reached * piety under Ru
  5500 | D:7      | Reached ** piety under Ru
  5683 | D:7      | Reached skill level 5 in Dodging
  5683 | D:7      | Reached XP level 9. HP: 53/64 MP: 0/9
  5726 | D:7      | Found a staircase to the Ecumenical Temple.
  6427 | D:8      | Reached skill level 5 in Fighting
  6658 | D:8      | Noticed a troll
  6662 | D:8      | Killed a troll
  7070 | D:8      | Found a staircase to the Lair.
  7550 | D:8      | Found a burning altar of Makhleb.
  7556 | D:8      | Gained mutation: You are weak. (Str -2) [Ru sacrifice]
  7556 | D:8      | Reached *** piety under Ru
  7651 | D:9      | Reached XP level 10. HP: 80/80 MP: 2/10
  7838 | D:9      | Noticed Erica
  7849 | D:9      | Killed Erica
  7856 | D:9      | Identified the +6 orcbow of the Beginning {freeze, Str-4
                  | Dex+2 Stlth+}
  7904 | D:9      | Found a bloodstained altar of Trog.
  7904 | D:9      | Noticed Pikel
  7956 | D:9      | Killed Pikel
  7957 | D:9      | Reached skill level 10 in Fighting
  8251 | D:9      | Noticed a two-headed ogre
  8253 | D:9      | Killed a two-headed ogre
  8254 | D:9      | Reached skill level 5 in Throwing
  8700 | D:10     | Entered Level 10 of the Dungeon
  8957 | D:10     | Found a staircase to the Orcish Mines.
  8989 | D:10     | Reached skill level 5 in Stealth
  9040 | D:10     | Reached XP level 11. HP: 90/90 MP: 5/11
  9427 | D:10     | Noticed a two-headed ogre
  9433 | D:10     | Killed a two-headed ogre
  9719 | D:10     | Gained mutation: You are sensitive to extremes of
                  | temperature. (rF-, rC-) [Ru sacrifice]
  9719 | D:10     | Reached **** piety under Ru
  9719 | D:10     | Reached ***** piety under Ru
  9929 | Lair:1   | Entered Level 1 of the Lair of Beasts
 10573 | Lair:1   | Reached skill level 10 in Dodging
 10924 | Lair:1   | Noticed a boulder beetle
 10931 | Lair:1   | Killed a boulder beetle
 10932 | Lair:1   | Reached XP level 12. HP: 102/102 MP: 10/12
 11720 | Lair:1   | Noticed a catoblepas
 11741 | Lair:1   | Found a runed translucent door.
 12201 | Lair:1   | Gained mutation: Your casting is slightly disrupted. [Ru
                  | sacrifice]
 12307 | Lair:2   | Found a transporter.
 12311 | Lair:2   | Identified a scroll of acquirement
 12355 | Lair:2   | Found a gate leading to a gauntlet.
 12402 | Gauntlet | Entered a Gauntlet
 12402 | Gauntlet | Found a transporter.
 12411 | Gauntlet | Found a transporter.
 12415 | Gauntlet | Found a transporter.
 12423 | Gauntlet | Found a transporter.
 12428 | Gauntlet | Found a transporter.
 12436 | Gauntlet | Found a transporter.
 12440 | Gauntlet | Found a transporter.
 12451 | Gauntlet | Found a transporter.
 12452 | Gauntlet | Found a transporter.
 12454 | Gauntlet | Noticed a death yak
 12454 | Gauntlet | Noticed a death yak
 12455 | Gauntlet | Noticed a death yak
 12457 | Gauntlet | Noticed a death yak
 12457 | Gauntlet | Noticed a death yak
 12460 | Gauntlet | Found a transporter.
 12461 | Gauntlet | Noticed a death yak
 12461 | Gauntlet | Noticed a dire elephant
 12491 | Gauntlet | Found a transporter.
 12503 | Gauntlet | Found a transporter.
 12516 | Gauntlet | Found a transporter.
 12529 | Gauntlet | Found a transporter.
 12661 | Gauntlet | Identified the staff of the Warrior-Mage {Str+2 Dex+3
                  | Stlth- Earth}
 12744 | Gauntlet | Identified the +4 spear of the Sharing Big Fish {protect,
                  | rF+ rC- rN+ Dex+2}
 12848 | Gauntlet | Killed a dire elephant
 12960 | Gauntlet | Killed a death yak
 12974 | Gauntlet | Killed a death yak
 12977 | Gauntlet | Killed a death yak
 12978 | Gauntlet | Reached skill level 15 in Fighting
 12978 | Gauntlet | Killed a death yak
 12987 | Gauntlet | Killed a death yak
 13051 | Gauntlet | Killed a death yak
 13058 | Gauntlet | Identified the +2 pair of boots "Ganit" {Rampage Will-
                  | Str+8 Int-2}
 13148 | Gauntlet | Noticed a minotaur
 13166 | Gauntlet | Killed a minotaur
 13169 | Gauntlet | Identified the +1 robe of Tepifruk {Harm rF+ Slay-4}
 13283 | Lair:2   | Noticed a seven-headed hydra
 13294 | Lair:2   | Killed a seven-headed hydra
 13366 | Lair:2   | Noticed a skyshark
 13367 | Lair:2   | Found a transporter.
 13374 | Lair:2   | Killed a skyshark
 13375 | Lair:2   | Reached XP level 13. HP: 103/117 MP: 1/13
 13720 | Lair:2   | Found a staircase to the Snake Pit.
 14003 | Lair:2   | Gained mutation: You are frail. (-10% HP) [Ru sacrifice]
 14003 | Lair:2   | Reached ****** piety under Ru
 15029 | Lair:3   | Found a staircase to the Shoals.
 15062 | Lair:3   | Found a dark tunnel.
 15079 | Volcano  | Entered a volcano
 15240 | Volcano  | Found a bloodstained altar of Trog.
 15274 | Volcano  | Noticed a red draconian
 15487 | Volcano  | Killed a red draconian
 17571 | Lair:4   | Reached XP level 14. HP: 113/115 MP: 1/14
 18592 | Lair:5   | Entered Level 5 of the Lair of Beasts
 18602 | Lair:5   | Found a hide-covered altar of Uskayaw.
 18602 | Lair:5   | Found an ornate altar of the Wu Jian Council.
 18772 | Lair:5   | Found a viscous altar of Jiyva.
 18772 | Lair:5   | Found a staircase to the Slime Pits.
 19047 | Lair:5   | Reached skill level 10 in Shapeshifting
 19651 | Lair:5   | Reached skill level 10 in Unarmed Combat
 20017 | Lair:5   | Identified the +1 robe "Iqissu" {rC- Regen+ Dex+2 Slay+3}
 20024 | Lair:5   | Identified the +2 rapier "Killer Klown's Regret" {flame,
                  | rCorr Stlth+}
 21023 | Lair:5   | Identified the +3 leather armour of Ziuma {rC++}
 21363 | Orc:1    | Entered Level 1 of the Orcish Mines
 22113 | Orc:2    | Entered Level 2 of the Orcish Mines
 22533 | Orc:1    | Noticed Nergalle
 22534 | Orc:1    | You fall into a shaft and drop 1 floor!
 22565 | Orc:2    | Reached XP level 15. HP: 110/114 MP: 0/15
 23115 | Orc:2    | Found a staircase to the Elven Halls.
 23240 | Orc:2    | Found Xizoemishri's Book Boutique.
 24217 | Orc:2    | Found Seanur's Book Emporium.
 24418 | Orc:2    | Noticed an orc warlord
 24434 | Orc:2    | Killed an orc warlord
 24559 | Orc:1    | Killed Nergalle
 25213 | Orc:2    | Found Dugeto's Antique Armour Emporium.
 25219 | Orc:2    | Found Ceiwux's Antique Weapon Shoppe.
 25337 | Orc:2    | Bought a fine ring mail for 207 gold pieces
 25337 | Orc:2    | Identified the +0 ring mail of Suipre {Will+} (You bought
                  | it in a shop on level 2 of the Orcish Mines)
 26901 | D:11     | Identified the ring of the Empire {rN+ EV+5 Stlth+}
 27018 | D:11     | Identified the amulet "Hopp" {Spirit -Cast *Corrode rN+++
                  | Str+3}
 27031 | D:11     | Identified the amulet of Ujarphoa {Reflect *Corrode rPois
                  | Will+ Str+3 SH+5}
 27045 | D:11     | Identified the amulet "Juemea Fiup" {Rampage rC+ Regen+}
 28051 | D:11     | Found Ixet's CLEARANCE SALE!.
 28175 | D:11     | Bought a scroll of revelation for 37 gold pieces
 28175 | D:11     | Bought a scroll of blinking for 37 gold pieces
 29402 | D:12     | You fall into a shaft and drop 1 floor!
 29664 | D:12     | Found Udoonulu's Weapon Boutique.
 30791 | D:2      | Acquired 464 gold pieces
 30793 | D:2      | Bought a scroll of blinking for 105 gold pieces
 30793 | D:2      | Bought a scroll of fog for 56 gold pieces
 30793 | D:2      | Bought a scroll of acquirement for 728 gold pieces
 30793 | D:2      | Bought a scroll of fog for 56 gold pieces
 30793 | D:2      | Acquired the scarf of Juoxzus {repulsion, +Blink rC++
                  | Int-2}
 31097 | D:13     | Found a gate to the Vaults.
 31259 | D:13     | Found Lyajij's Elemental Accessories.
 31509 | D:14     | Reached XP level 16. HP: 128/128 MP: 8/16
 33310 | D:14     | Reached skill level 15 in Shapeshifting
 33454 | D:15     | Entered Level 15 of the Dungeon
 33738 | D:15     | Reached skill level 15 in Unarmed Combat
 34409 | D:15     | Noticed Kirke
 34415 | D:15     | Killed Kirke
 34888 | D:15     | Found a staircase to the Depths.
 35208 | Snake:1  | Entered Level 1 of the Snake Pit
 35208 | Snake:1  | Found Ecwaef's Antique Armour Boutique.
 35286 | Snake:1  | Found Hemamuc's Antique Armour Shop.
 35292 | Snake:1  | Found Gobommur's Antique Weapon Boutique.
 36473 | Snake:2  | Noticed Azrael
 36475 | Snake:2  | Killed Azrael
 36477 | Snake:2  | Noticed Vashnia
 36479 | Snake:2  | Noticed Nikola
 36554 | Snake:2  | Reached XP level 17. HP: 134/134 MP: 17/17
 36572 | Snake:2  | Killed Vashnia
 36776 | Snake:2  | Killed Nikola
 37103 | Snake:2  | Found Podetesh's Assorted Antiques.
 37869 | Snake:4  | Entered Level 4 of the Snake Pit
 38120 | Snake:4  | Found Saget's Book Boutique.
 38363 | Snake:4  | Identified the +0 scale mail of the Game Afoot {-Tele rN+++
                  | Regen+ SInv}
 38363 | Snake:4  | Noticed Asterion
 38369 | Snake:4  | Noticed an Executioner
 38369 | Snake:4  | Killed Asterion
 38515 | Snake:4  | Acquired a manual of Unarmed Combat
 38645 | Snake:4  | Got a serpentine rune of Zot
 38780 | Snake:4  | Reached XP level 18. HP: 141/141 MP: 6/18
 38828 | Snake:4  | Noticed Louise
 38844 | Snake:4  | Killed Louise
 38909 | Snake:4  | Found Unlysm's Book Shop.
 38934 | Snake:4  | Found a large runed translucent door.
 38934 | Snake:4  | Found a large runed translucent door.
 38937 | Snake:4  | Noticed bmack86's ghost (adept MiFi)
 39090 | Snake:4  | Identified the +4 robe of the Morning Star {rN+ Regen+}
 39721 | Lair:2   | Identified the +0 cloak of Dudd {Will+ Slay+3}
 39724 | Lair:2   | Identified the ring of Miffib {+Blink rElec AC+4}
 39853 | Shoals:1 | Entered Level 1 of the Shoals
 40880 | Shoals:2 | Noticed Ilsuiw
 40889 | Shoals:2 | Killed Ilsuiw
 41367 | Shoals:2 | Found Teodosio's Dragon-Slaying Spoils.
 41817 | Shoals:3 | Noticed Polyphemus
 41847 | Shoals:3 | Killed Polyphemus
 42275 | Shoals:3 | Reached XP level 19. HP: 150/150 MP: 19/19
 42600 | Shoals:4 | Entered Level 4 of the Shoals
 43135 | Shoals:4 | Found Pazahoq's Antique Armour Emporium.
 43179 | Shoals:4 | Got a barnacled rune of Zot
 44432 | Elf:1    | Entered Level 1 of the Elven Halls
 44494 | Elf:1    | Found Kief's Antique Armour Shoppe.
 44494 | Elf:1    | Found Patupuc's Book Emporium.
 44497 | Elf:1    | Found Seamop's Distillery.
 44506 | Elf:1    | Bought the Secrets of Inconstant Poisoning for 544 gold
                  | pieces
 44509 | Elf:1    | Learned a level 2 spell: Wereblood
 44511 | Elf:1    | Bought a potion of magic for 120 gold pieces
 44511 | Elf:1    | Bought a potion of heal wounds for 75 gold pieces
 44566 | Elf:1    | Reached skill level 1 in Transmutations
 45025 | Elf:1    | Got the Omnibus of Spectres
 45477 | Elf:2    | Found a runed translucent gate.
 45477 | Elf:2    | Found a runed translucent gate.
 45477 | Elf:2    | Found a runed translucent gate.
 45799 | Elf:3    | Entered Level 3 of the Elven Halls
 45806 | Elf:3    | Identified the ring "Septomo" {rPois rF+ Will+}
 45859 | Elf:3    | Found Haf Gex's Specific Store.
 45862 | Elf:3    | Found Darymmux's General Store.
 45868 | Elf:3    | Bought a scroll of teleportation for 51 gold pieces
 45877 | Elf:3    | Acquired 891 gold pieces
 45890 | Elf:3    | Found a flickering gateway to a bazaar.
 45900 | Bazaar   | Entered a bazaar
 45942 | Bazaar   | Found Bitrurio's Assorted Antiques.
 45950 | Bazaar   | Bought a glittering platinum ring for 175 gold pieces
 45950 | Bazaar   | Identified the ring of Cheibriados's Regard {Wiz rC+ Str+6
                  | Dex+3} (You bought it in a shop in a bazaar)
 45959 | Bazaar   | Found Peac Vaq's Weapon Emporium.
 46015 | Bazaar   | Found Lailu Test's Jewellery Shop.
 46028 | Bazaar   | Found Zufisker's Antique Armour Emporium.
 46384 | Elf:3    | Reached XP level 20. HP: 158/158 MP: 20/20
 46706 | Elf:3    | Reached skill level 5 in Transmutations
 47722 | Elf:3    | Identified the amulet "Gaomn" {Rampage Regen+ Dex+4}
 47902 | Elf:3    | Identified the +8 short sword "Ydyoty" {drain, *Rage Drain
                  | Str+8 SInv}
 47989 | Elf:3    | Got the Meditations on the Amalgamated Map
 47998 | Elf:3    | Identified the staff of Internal Strife {rC- rN+ Will+
                  | Int+3 Dex+2 Necro}
 48074 | Elf:3    | Identified the staff of the Inviting Lamprey {rElec rN+
                  | Dex+3 Stlth- Necro}
 48306 | Vaults:1 | Entered Level 1 of the Vaults
 48564 | Vaults:1 | Found Tyric's General Store.
 48607 | Vaults:1 | Reached skill level 15 in Dodging
 49608 | Vaults:3 | Found a flickering gateway to a bazaar.
 49617 | Bazaar   | Entered a bazaar
 49619 | Bazaar   | Found Koxygepn's Armour Boutique.
 49623 | Bazaar   | Found Xapn's Weapon Boutique.
 49623 | Bazaar   | Found Ogis's Jewellery Boutique.
 49624 | Bazaar   | Found Russat's Book Boutique.
 49629 | Bazaar   | Bought a manual of Fighting for 1200 gold pieces
 49655 | Bazaar   | Bought the +2 pair of slick slippers {slick, slippery,
                  | EV+4} for 459 gold pieces
 49655 | Bazaar   | Found the +2 pair of slick slippers {slick, slippery, EV+4}
 49729 | Vaults:3 | Reached XP level 21. HP: 143/148 MP: 12/21
 49837 | Vaults:3 | You are sucked into a shaft and drop 1 floor!
 50026 | Vaults:3 | Found Gaxeutio's Armour Emporium.
 50226 | Vaults:3 | Noticed an ancient lich
 50239 | Vaults:3 | Killed an ancient lich
 50435 | Vaults:3 | Found a staircase to the Crypt.
 50986 | Vaults:2 | Found a portal to a secret trove of treasure.
 51036 | Vaults:2 | Found Ren Vode's General Store.
 51376 | Vaults:2 | Reached skill level 10 in Stealth
 51388 | Vaults:2 | Reached XP level 22. HP: 181/181 MP: 20/22
 51743 | Vaults:2 | Acquired 992 gold pieces
 52121 | Elf:3    | Bought a scroll of blinking for 142 gold pieces
 52121 | Elf:3    | Bought a scroll of blinking for 142 gold pieces
 52438 | Snake:2  | Bought 2 potions of curing for 144 gold pieces
 52438 | Snake:2  | Bought a potion of might for 96 gold pieces
 52714 | D:2      | Bought a potion of haste for 110 gold pieces
 52714 | D:2      | Bought a potion of magic for 88 gold pieces
 52714 | D:2      | Bought a potion of curing for 33 gold pieces
 52714 | D:2      | Bought a potion of curing for 33 gold pieces
 53304 | Vaults:4 | Identified the +8 arbalest of Crusades {flame, rN+ Stlth+}
 54418 | Depths:1 | Entered Level 1 of the Depths
 54617 | Depths:1 | Found a gateway to Hell.
 54674 | Depths:1 | Found a radiant altar of Vehumet.
 55405 | Depths:1 | Reached XP level 23. HP: 188/188 MP: 23/23
 55553 | Depths:2 | Found a one-way gate leading to the halls of Pandemonium.
 55553 | Depths:2 | Found a hide-covered altar of Uskayaw.
 55612 | Depths:2 | Found a magical portal.
 55623 | Depths:2 | Noticed Grunn
 55636 | Depths:2 | Killed Grunn
 55649 | WizLab   | Entered Zonguldrok's Shrine
 55829 | WizLab   | Noticed an antique lich
 55833 | WizLab   | Killed an antique lich
 55840 | WizLab   | Found the +9 sword of Zonguldrok {reap}
 56001 | Depths:2 | Noticed Norris
 56005 | Depths:2 | Killed Norris
 56534 | Depths:2 | Identified the +6 orcbow of Insufficient Pleasure {elec,
                  | Will+ Dex+3 SInv Stlth+}
 56693 | Depths:2 | Found a glowing golden altar of the Shining One.
 57226 | Depths:3 | Found a one-way gate to the infinite horrors of the Abyss.
 57403 | Depths:3 | Reached skill level 27 in Unarmed Combat
 57510 | Depths:3 | Identified the +5 trident "Loax" {spect, Str+3}
 57557 | Depths:3 | Noticed a caustic shrike
 57559 | Depths:3 | Noticed a juggernaut
 57564 | Depths:3 | Killed a caustic shrike
 57569 | Depths:3 | Killed a juggernaut
 57569 | Depths:3 | Noticed a golden dragon
 57575 | Depths:3 | Killed a golden dragon
 57583 | Depths:3 | Reached XP level 24. HP: 163/194 MP: 15/23
 57909 | Depths:3 | Identified the ring of Igejaiz {Fire Str+3}
 58050 | Depths:3 | Noticed a juggernaut
 58058 | Depths:3 | Killed a juggernaut
 58177 | Depths:3 | Identified the +0 scale mail of the Buccaneer {*Slow rN+++
                  | Int+5}
 58578 | Vaults:5 | Entered Level 5 of the Vaults
 58676 | Vaults:5 | Identified the +8 great sword of Bucheg {vamp, rElec}
 59090 | Vaults:5 | Identified the +4 long sword of Rueczuve {freeze, rElec
                  | rF++ rN+ Int-2}
 59111 | Vaults:5 | Noticed an ancient lich
 59114 | Vaults:5 | Killed an ancient lich
 59157 | Vaults:5 | Got a silver rune of Zot
 59186 | Vaults:5 | Identified the staff of Crusades {rF++ Int-2 Conj}
 59239 | Vaults:5 | Identified the +5 quarterstaff "Qipsot" {speed, rCorr}
 59246 | Vaults:5 | Reached XP level 25. HP: 173/183 MP: 15/23
 59322 | Vaults:5 | Identified the -1 buckler "Copoor" {*Corrode Int+3}
 59328 | Vaults:5 | Identified the staff "Wilof Iwitz" {rElec rPois rF+ Str+4
                  | Air}
 59602 | Vaults:5 | Identified the +0 pair of boots "Fihiw" {rN+ rCorr}
 59849 | Vaults:5 | Got the Thoughts on Freezing and the Band
 59954 | Vaults:5 | Learned a level 6 spell: Death Channel
 60338 | Depths:3 | Found the +3 pair of seven-league boots {Rampage+∞}
 60410 | Depths:4 | Entered Level 4 of the Depths
 60410 | Depths:4 | Found a one-way gateway to a ziggurat.
 60476 | Depths:3 | Identified the +5 trident "Pintevva" {chaos, rN++ Stlth+}
 60486 | Depths:3 | Identified the +7 spear of Zyisch {freeze, Str+2}
 60610 | Depths:4 | Reached skill level 1 in Necromancy
 60838 | Depths:4 | Found Peaviatu's Distillery.
 60841 | Depths:4 | Bought a potion of haste for 210 gold pieces
 60841 | Depths:4 | Bought a potion of haste for 210 gold pieces
 60932 | Depths:4 | Found a gate to the Realm of Zot.
 61575 | Zot:1    | Entered Level 1 of the Realm of Zot
 61652 | Zot:1    | Reached skill level 5 in Necromancy
 61928 | Zot:1    | Noticed an orb of fire
 62007 | Zot:1    | Killed an orb of fire
 62016 | Zot:1    | Noticed an orb of fire
 62026 | Zot:1    | Killed an orb of fire
 62229 | Zot:2    | Noticed a Killer Klown
 62233 | Zot:2    | Noticed an ancient lich
 62234 | Zot:2    | Noticed a Killer Klown
 62248 | Zot:2    | Noticed a Killer Klown
 62264 | Zot:2    | Noticed a Killer Klown
 62280 | Zot:2    | Noticed a Killer Klown
 62346 | Zot:2    | Killed a Killer Klown
 62384 | Zot:2    | Killed a Killer Klown
 62435 | Zot:2    | Killed a Killer Klown
 62528 | Zot:2    | Reached skill level 10 in Necromancy
 62533 | Zot:2    | Killed a Killer Klown
 62537 | Zot:2    | Killed a Killer Klown
 62538 | Zot:2    | Reached XP level 26. HP: 184/203 MP: 15/23
 62546 | Zot:2    | Killed an ancient lich
 65386 | Zot:5    | Entered Level 5 of the Realm of Zot
 65946 | Zot:5    | Noticed a dread lich
 65972 | Zot:5    | Killed a dread lich
 65999 | Zot:5    | Noticed a dread lich
 66003 | Zot:5    | Killed a dread lich
 66004 | Zot:5    | Reached XP level 27. HP: 218/218 MP: 13/23
 66004 | Zot:5    | Noticed an ancient lich
 66007 | Zot:5    | Noticed an orb of fire
 66015 | Zot:5    | Noticed an orb of fire
 66017 | Zot:5    | Gained mutation: You are dopey. (Int -2) [an orb of fire]
 66115 | Zot:5    | Gained mutation: You have supernaturally acute eyesight.
                  | (SInv) [an orb of fire]
 66120 | Zot:5    | Killed an orb of fire
 66140 | Zot:5    | Killed an orb of fire
 66323 | Zot:5    | Noticed a dread lich
 66324 | Zot:5    | Noticed an ancient lich
 66324 | Zot:5    | Noticed a dread lich
 66386 | Zot:5    | Killed an ancient lich
 66488 | Zot:5    | Killed an ancient lich
 66493 | Zot:5    | Killed a dread lich
 66501 | Zot:5    | Reached skill level 27 in Shapeshifting
 66534 | Zot:5    | Paralysed by a dread lich for 2 turns
 66544 | Zot:5    | Killed a dread lich
 66550 | Zot:5    | Noticed an ancient lich
 66561 | Zot:5    | Killed an ancient lich
 66608 | Zot:5    | Noticed an ancient lich
 66619 | Zot:5    | Killed an ancient lich
 66620 | Zot:5    | Reached skill level 27 in Fighting
 66630 | Zot:5    | Got the Orb of Zot
 66823 | Depths:4 | Noticed Omawn the pandemonium lord
 66832 | Depths:3 | Killed Omawn the pandemonium lord
 67218 | D:2      | Noticed Pimebb the pandemonium lord
 67435 | D:12     | Noticed Asorox the pandemonium lord
 67438 | D:12     | Killed Asorox the pandemonium lord
 67680 | Vaults:2 | You paid a toll of 5 scrolls of blinking to enter a
                  | treasure trove
 67681 | Trove    | Entered a treasure trove
 67688 | Trove    | Identified the +1 robe "Dualot" {rCorr Str+3 Dex+2 Slay+2}
 67694 | Trove    | Identified the +0 pair of gloves of the Gloaming {Dex+3}
 67697 | Trove    | Identified the +1 pair of boots of Daffodils {Regen+}
 67718 | Trove    | Identified the +0 helmet of Hauxkougg {rF- Dex+5}
 67725 | Trove    | Identified the +10 morningstar of Intimidation {elec, rElec
                  | rF- Int-5 SInv}
 67763 | Vaults:2 | Noticed an ancient lich
 67765 | Vaults:2 | Noticed Nego the pandemonium lord
 67767 | Vaults:2 | Killed an ancient lich
 67772 | Vaults:2 | Killed Nego the pandemonium lord
 67824 | Vaults:2 | Noticed Behem the pandemonium lord
 67829 | Vaults:2 | Killed Behem the pandemonium lord
 67836 | Vaults:2 | Noticed Xabraik the pandemonium lord
 67849 | Vaults:2 | Killed Xabraik the pandemonium lord
 67965 | D:13     | Noticed Piugife the pandemonium lord
 67984 | D:13     | Killed Piugife the pandemonium lord
 68013 | D:12     | Noticed Ucroa the pandemonium lord
 68020 | D:12     | Killed Ucroa the pandemonium lord
 68093 | D:10     | Gained mutation: You have hidden genetic defects. [a
                  | cacodemon]
 68283 | D:3      | Noticed Byph the pandemonium lord
 68297 | D:2      | Killed Pimebb the pandemonium lord
 68342 | D:$      | Escaped with the Orb!

Illustrated notes

Levels and vault maps discovered:
D:1:      dpeg_arrival_radiant, layout_basic
D:2:      layout_rooms, serial_shops, nicolae_shop_rolled_up,
          nicolae_diamond_shop, minmay_pentomino_t2, uniq_robin
D:3:      layout_loops_corners, nicolae_overflow_hidden_temple,
          dk_noncrumbling_4, dk_noncrumbling_3
D:4:      layout_rooms, uniq_grinder, uniq_blork_the_orc
D:5:      layout_basic, old_standard_altar, serial_bayou_pond_e
D:6:      layout_basic
D:7:      layout_rooms, minmay_temple_entry_sparse_star
D:8:      layout_basic, makhleb_grotto_becter, erik_lair_island,
          due_unseen_surprise
D:9:      layout_basic, mainiacjoe_overflow_alcove_4, uniq_pikel, uniq_erica
D:10:     layout_long_grid, orc_0_dummy
D:11:     minmay_the_grid_triangle_9x9_recursive_2_mashed
          [minmay_the_grid_triangle_9x9_prize_special,
          minmay_the_grid_triangle_9x9_swiss_cheese,
          minmay_the_grid_triangle_9x9_wacky_v,
          minmay_the_grid_triangle_9x9_corrupted_corridor],
          layout_loops_corners, nicolae_shop_clearance
D:12:     minmay_ornate_pinched, layout_loops_cross, serial_shops, shop
D:13:     layout_rooms, hellmonk_vaults_attempted_burglary,
          nicolae_elemental_shop
D:14:     layout_stronghold, corner_web_ring
D:15:     hangedman_depths_entry_try_elsewhere_first, layout_basic,
          minmay_misc_feat_hallway, minmay_crystal_room, uniq_kirke
Lair:1:   gammafunk_lair_enchanted_lake, layout_chaotic_city,
          grunt_megastairs_2, infiniplex_staircase_pool_2, serial_bayou_shore_a
Lair:2:   gammafunk_worm_tunnel, layout_layer_cave, guppyfry_snake_entry_island,
          gauntlet_entry_generic, grunt_forest_large_clearings
Lair:3:   layout_roguey, shoals_dummy_entry, lightli_volcano_entry_magma_tube,
          dreamdust_deal_with_the_devil, st_stairs_8,
          nicolae_quartered_pool_super, infiniplex_staircase_pool
Lair:4:   layout_gridlike, cheibrodos_lair_lostbears
Lair:5:   hangedman_lair_in_review, layout_regular_city, slime_entry_1,
          nzn_masters_of_martial_movement
Shoals:1: layout_shoals
Shoals:2: layout_shoals, nicolae_shop_dragon_depot,
          nicolae_shoals_aquamancer_cove, uniq_ilsuiw
Shoals:3: layout_shoals, uniq_polyphemus
Shoals:4: shoals_end_hangedman, layout_shoals, serial_shops,
          nicolae_shop_hallway_plus
Snake:1:  layout_onion_interference, serial_shops, shop, grunt_megastairs_1,
          lemuel_fruit_tree, minmay_shoptagon
Snake:2:  layout_onion, serial_shops, nicolae_shop_rolling_square,
          nicolae_large_snake_swirl, uniq_nikola, uniq_vashnia, uniq_azrael
Snake:3:  layout_misc_corridors, grunt_megastairs_4, serial_bayou_shore_b
Snake:4:  minmay_snake_end_coiled, layout_gridlike, ebering_ghost_disaster_area,
          serial_shops, nicolae_shop_tiny_glass, nicolae_square_shop,
          uniq_louise, uniq_asterion
Orc:1:    layout_diamond_mine, mines_bat_river, uniq_nergalle
Orc:2:    grunt_orc_community_town_hall, layout_caves,
          grunt_orc_community_big_house_2, grunt_orc_community_big_house_1,
          grunt_orc_community_house_3, grunt_orc_community_house_1,
          grunt_orc_community_house_2, grunt_orc_community_house_3,
          grunt_orc_community_house_3
Elf:1:    minmay_elf_arrival_summoners, layout_geoelf_diagonals,
          minmay_elf_necromancy, minmay_shop_star
Elf:2:    nicolae_elf_blades_splatter_lattice
          [nicolae_blade_entry_floor_patterns], layout_geoelf_grid,
          amcnicky_mini_pool_small
Elf:3:    minmay_elf_hall_not_hex, layout_loops_cross, serial_shops,
          bzr_entry_islet, hangedman_elf_power_crystal, amethyst_killhole,
          nicolae_specific_store
Vaults:1: v_alt_pattern_2, grunt_vaults_swirl, dpeg_vaults_monster_box,
          v_rooms_3, hangedman_vaults_maws, nicolae_vaults_surprise_closet_hard,
          nicolae_vaults_little_squares_2, nicolae_vaults_border_crossing,
          nicolae_vaults_little_squares_1, layout_vaults_quadrants,
          serial_shops, shop
Vaults:2: nicolae_vaults_theta, nicolae_vaults_storage_closets_2, st_more_cells,
          hangedman_vaults_unwind, nicolae_vaults_double_plus_1, v_misc_12,
          v_alt_pattern_1, v_misc_30, nicolae_vaults_trapezoid_layered,
          nicolae_vaults_little_ls, v_misc_3, v_misc_3,
          nicolae_vaults_little_squares_2, v_alt_pattern_4,
          nicolae_vaults_rhombus_7, nicolae_vaults_trapezoid_lopsided_2,
          layout_vaults_omnibox, nicolae_trove_entry_columns, serial_shops,
          nicolae_shop_behind_doors
Vaults:3: nicolae_vaults_taking_the_gang_shopping, vaults_dpeg_ring,
          vaults_mumra_minichess, nicolae_vaults_diamond_2,
          nicolae_vaults_storage_closets_3, nicolae_vaults_quartermaster,
          minmay_crypt_entry_skeletal_spiral, nicolae_vaults_closet_pinwheel_2,
          nicolae_vaults_trapezoid_3, nicolae_vaults_ellipses_ellipsis,
          v_alt_pattern_2, vaults_mumra_chevron_long,
          ontoclasm_vaults_loading_screen, v_misc_19, layout_vaults_maze,
          serial_shops, bzr_entry_customers
Vaults:4: nicolae_vaults_mini_display_case, nicolae_vaults_network_quincunx
          [nicolae_vaults_network_quincunx_subvault,
          nicolae_vaults_network_quincunx_subvault,
          nicolae_vaults_network_quincunx_subvault,
          nicolae_vaults_network_quincunx_subvault,
          nicolae_vaults_network_quincunx_subvault],
          nicolae_vaults_twisting_passages, hangedman_vaults_stretched_pinwheel,
          vaults_room_door_ring, nicolae_vaults_security_offices_1,
          nicolae_vaults_heist, nicolae_vaults_closet_pinwheel_6,
          nicolae_vaults_yaktaur_gun_rack, nicolae_vaults_tetromino_L_2,
          layout_vaults_omnicross
Vaults:5: serial_shops
Depths:1: layout_gridlike, hellmouth_3, fiery_altar_vehumet, drop_trap,
          minmay_misc_feat_alley, minmay_metal_thing
Depths:2: grunt_house_of_mirrors, layout_gridlike, hell_entry,
          mu_enter_wizlab_1, pan_entry, nicolae_tso_carved_into_rock,
          eat_drink_and_be_merry_uskayaw, uniq_grunn, uniq_norris
Depths:3: little_maze_vault, layout_gridlike, hell_entry, abyss_entry, pan_entry
Depths:4: evilmike_zot_entry_argh, layout_honeycomb, enter_ziggurat_b,
          serial_shops, nicolae_shop_behind_doors, pf_coc_iceberg
Zot:1:    layout_twisted_circle
Zot:2:    ebering_klown_carousel, layout_concentric_octagons
Zot:3:    layout_cathedral_of_symmetry, grunt_megastairs_3
Zot:4:    layout_gridlike
Zot:5:    layout_gridlike, st_stairs_13

Skill      XL: |  1  2  3  4  5  6  7  8  9 10 11 12 13 14 15 16 17 18 19 20 21 22 23 24 25 26 27 |
---------------+----------------------------------------------------------------------------------+-----
Unarmed Combat | 4 5 8 11 14 16 18 21 22 23 24 27 | 27.0
Shapeshifting  | 5 6 9 11 14 16 18 19 21 22 24 26 27 | 27.0
Short Blades   | 3 5 8 10 | 10.0
Dodging        | 5 7 11 12 18 19 20 23 | 23.0
Stealth        | 3 5 7 10 11 | 11.0
Fighting       | 3 8 10 12 16 17 18 19 20 23 24 25 27 | 27.0
Throwing       | 6 |  6.0
Transmutations | 4 7 |  7.0
Necromancy     | 10 11 14 | 14.8

Action                     |  1- 3 |  4- 6 |  7- 9 | 10-12 | 13-15 | 16-18 | 19-21 | 22-24 | 25-27 || total
---------------------------+-------+-------+-------+-------+-------+-------+-------+-------+-------++-------
  Melee: Unarmed           |   107 |    54 |       |       |       |   712 |   809 |   682 |   835 ||  3199
         Punch             |     1 |       |     4 |    12 |    91 |    85 |   106 |   121 |   161 ||   581
         Short sword       |       |    38 |   183 |   321 |  1196 |    80 |       |       |       ||  1818
         Tailslap          |       |       |       |    15 |       |   115 |    29 |       |     2 ||   161
         Bite              |       |       |       |       |       |    92 |    24 |       |     1 ||   117
   Fire: Sling             |       |     1 |       |       |       |       |       |       |       ||     1
  Throw: Dart              |       |       |       |     6 |     2 |       |       |       |       ||     8
         Boomerang         |       |       |       |     5 |    23 |       |       |       |       ||    28
   Cast: Wereblood         |       |       |       |       |       |       |    20 |    20 |    24 ||    64
 Invoke: Sacrifice Artific |       |       |     1 |       |       |       |       |       |       ||     1
         Sacrifice Purity  |       |       |     1 |       |       |       |       |       |       ||     1
         Sacrifice Resista |       |       |       |     1 |       |       |       |       |       ||     1
         Apocalypse        |       |       |       |     1 |     6 |     9 |     4 |     6 |     5 ||    31
         Sacrifice Essence |       |       |       |     1 |       |       |       |       |       ||     1
         Sacrifice Health  |       |       |       |       |     1 |       |       |       |       ||     1
Ability: Begin Untransform |       |     1 |       |       |       |     2 |       |       |       ||     3
         Breathe Fire      |       |       |       |       |       |     5 |     2 |       |       ||     7
         Blinkbolt         |       |       |       |       |       |       |     1 |     4 |     5 ||    10
    Use: Scroll            |       |     2 |     4 |     8 |    14 |    10 |     2 |     3 |     6 ||    49
         Potion            |       |       |       |     2 |     1 |       |       |     1 |     3 ||     7
   Stab: Sleeping          |     2 |       |     1 |    12 |    26 |    23 |    30 |    19 |    13 ||   126
         Invisible         |       |       |       |     1 |     6 |     5 |     2 |     6 |     4 ||    24
         Paralysed         |       |       |       |     1 |     5 |    16 |    14 |    15 |     5 ||    56
         Distracted        |       |       |       |       |    12 |    12 |     8 |    12 |     7 ||    51
 Armour: Animal skin       |    37 |     3 |       |       |       |       |       |       |       ||    40
         Chain mail        |       |    31 |    42 |       |       |       |       |       |       ||    73
         Troll leather arm |       |       |       |    47 |   229 |     6 |       |       |       ||   282
         Skin              |       |       |       |       |       |   123 |    66 |    31 |    52 ||   272
  Dodge: Dodged            |    70 |    32 |   116 |   224 |   891 |   423 |   505 |   455 |   630 ||  3346
  Block: Other             |       |       |       |       |   203 |    13 |       |       |       ||   216
         Reflection        |       |       |       |       |     1 |       |       |       |       ||     1
   Form: Dragon            |       |       |       |       |       |     4 |     4 |       |     1 ||     9
                           |       |       |       |       |       |     2 |     1 |       |       ||     3
         Storm             |       |       |       |       |       |       |     5 |       |     1 ||     6

Table legend: (Time is in decaauts)
 A = Elapsed time spent in this place.
 B = Non-inter-level travel time spent in this place.
 C = Inter-level travel time spent in this place.
 D = Time resting spent in this place.
 E = Time spent auto-exploring this place.
 F = Levels seen in this place.
 G = Mean time per level.
                   A        B        C        D        E       F      G
               +--------+--------+--------+--------+--------+-----+--------+
         Total |  66666 |  59476 |   7190 |   7019 |  41794 |  53 | 1257.8 |
       Dungeon |  22259 |  18690 |   3569 |   1777 |  14152 |  15 | 1483.9 |
          Lair |  10192 |   9562 |    630 |   1287 |   6717 |   5 | 2038.4 |
        Shoals |   3874 |   3694 |    180 |    342 |   2610 |   4 |  968.5 |
     Snake Pit |   4238 |   3880 |    358 |    257 |   2836 |   4 | 1059.5 |
  Orcish Mines |   4417 |   4083 |    334 |    301 |   3258 |   2 | 2208.5 |
   Elven Halls |   3623 |   3317 |    306 |   1037 |   1665 |   3 | 1207.7 |
        Vaults |   6504 |   5426 |   1078 |    314 |   3922 |   5 | 1300.8 |
        Depths |   4955 |   4448 |    507 |    341 |   3360 |   4 | 1238.8 |
           Zot |   4908 |   4685 |    223 |    782 |   2886 |   5 |  981.6 |
        Bazaar |    207 |    207 |      0 |      0 |    157 |   2 |  103.5 |
         Trove |     65 |     65 |      0 |      0 |      0 |   1 |   65.0 |
       Volcano |    462 |    462 |      0 |    245 |      0 |   1 |  462.0 |
        Wizlab |    229 |    229 |      0 |      7 |    109 |   1 |  229.0 |
      Gauntlet |    728 |    728 |      0 |    327 |    121 |   1 |  728.0 |
               +--------+--------+--------+--------+--------+-----+--------+

Top non-repeatable levels by time:
   Orc:2: 3082 daAuts
    D:11: 2967 daAuts
  Lair:5: 2373 daAuts
     D:8: 2283 daAuts
    D:14: 2209 daAuts
   Elf:3: 2200 daAuts
  Lair:1: 2166 daAuts
  Lair:2: 2128 daAuts
    D:12: 2057 daAuts
  Lair:4: 1909 daAuts
    D:15: 1799 daAuts
Depths:3: 1638 daAuts
Vaults:1: 1615 daAuts
  Lair:3: 1614 daAuts
Vaults:4: 1527 daAuts
